 Dungeon Crawl Stone Soup version 0.31-a0-1098-g6898e6545c (webtiles) character file.

Game seed: 4825924197333617848

1115 Flugkiller the Trooper (level 8, 0/60 (70) HPs)
             Began as a Meteoran Reaver on Nov 30, 2023.
             Was a Follower of Cheibriados.
             Slain by an orc warrior
             ... wielding a +0 long sword
              (4 damage)
             ... on level 9 of the Dungeon.
             The game lasted 00:11:19 (2210 turns).

Flugkiller the Trooper (Meteoran Reaver)            Turns: 2210, Time: 00:11:19

HP:   0/60 (70)     AC:  8    Str: 19    XL:     8   Next: 91%
MP:   11/15         EV: 12    Int: 17    God:    Cheibriados [*.....]
Gold: 233           SH:  0    Dex: 16    Spells: 9/15 levels left

rFire   + . .        y - +0 war axe
rCold   . . .        (no shield)
rNeg    . . .        c - +2 leather armour {rF+}
rPois   .            d - +1 helmet
rElec   .            (no cloak)
rCorr   .            o - +0 pair of gloves
SInv    .            (no boots)
Will    ++...        l - amulet of faith
Stlth   +            m - ring of willpower
HPRegen 0.30/turn    (no ring)
MPRegen 0.14/turn

%: faith
@: very slightly contaminated, glowing, heavily drained, very slow
A: sense surroundings 1, otherworldly, glowing, explore regen
a: Renounce Religion, Bend Time


You were on level 9 of the Dungeon.
You worshipped Cheibriados.
Cheibriados was aware of your devotion.
You visited 2 branches of the dungeon, and saw 8 of its levels.

You collected 233 gold pieces.

Inventory:

Hand Weapons
 a - a +0 mace
 y - a +0 war axe (weapon)
   (You took it off an orc on level 5 of the Dungeon)
Missiles
 k - 21 poisoned darts
Armour
 b - a +0 leather armour
 c - a +2 leather armour of fire resistance (worn)
   (You took it off Eustachio on level 5 of the Dungeon)
 d - a +1 helmet (worn)
   (You found it on level 1 of the Dungeon)
 o - a +0 pair of gloves (worn)
   (You found it on level 3 of the Dungeon)
 p - a +2 robe of fire resistance
   (You took it off Jessica on level 3 of the Dungeon)
 w - a +0 ring mail
   (You found it on level 3 of the Dungeon)
Jewellery
 l - an amulet of faith (around neck)
   (You found it on level 3 of the Dungeon)
 m - a ring of willpower (left hand)
   (You found it on level 5 of the Dungeon)
Scrolls
 f - 3 scrolls of immolation
 t - 2 scrolls of teleportation
 v - 3 scrolls of fog
Potions
 e - 2 potions of attraction
 h - 2 potions of enlightenment
 j - a potion of mutation
 q - a potion of curing
 s - a potion of might {unknown}
 x - a potion of haste {unknown}
 z - a potion of lignification {unknown}


   Skills:
 - Level 6.0 Fighting
 - Level 3.0(3.9) Axes
 + Level 4.0(4.6) Maces & Flails
 - Level 3.0 Armour
 - Level 2.1 Dodging
 - Level 4.0 Spellcasting
 - Level 5.0 Conjurations
 - Level 4.0 Ice Magic
 - Level 3.0 Invocations
 - Level 4.0 Evocations


You had 9 spell levels left.
You knew the following spells:

 Your Spells              Type           Power      Damage    Failure   Level
a - Kiss of Death         Conj/Necr      44%        2d8       7%          1
b - Momentum Strike       Conj/Tloc      22%        3d8       10%         2
c - Hailstorm             Conj/Ice       18%        3d6       9%          3

Your spell library contained the following spells:

 Spells                   Type           Power      Damage    Failure   Level
 Blink                    Tloc           6%         N/A       28%         2
 Manifold Assault         Tloc           3%         N/A       88%         4


Dungeon Overview and Level Annotations

Branches:
Dungeon (6/15) Zot: 3201   Temple (1/1) D:5 Zot: 782

Altars:
Ashenzari
Cheibriados
Dithmenos
Elyvilon
Fedhas
Gozag
Hepliaklqana
Kikubaaqudgha
Makhleb
Nemelex Xobeh
Okawaru
Qazlal
Sif Muna
Uskayaw
Vehumet
Wu Jian
Xom
Yredelemnul
Zin
The Shining One


Innate Abilities, Weirdness & Mutations

You passively map a small area around you.
You are easily found by Zot.
You glow in the dark.
You regain HP and MP as you explore.


Message History

Aiming: Paralyse
Press: ? - help, Shift-Dir - straight line, f/p - yak
Aim: a yak (heavily wounded, chance to affect: 59%)
The yak resists with significant effort.
The yak barely misses you.
Aiming: Paralyse
Press: ? - help, Shift-Dir - straight line, f/p - yak
Aim: a yak (heavily wounded, chance to affect: 59%)
The yak suddenly stops moving!
The now-empty wand crumbles to dust.
There is an open door here.
You close the door.
There is an open door here.
You close the door.
You hear the faint creaking of a very distant portcullis.
An orc comes into view.
It is wielding a +0 morningstar and wearing a +1 leather armour of cold resistance.
The orc shouts!
You hear a shout!
An orc warrior comes into view. It is wielding a +0 long sword.
You barely miss the orc.
An orc comes into view. It is wielding a +0 club.
The orc hits you but does no damage.
The orc shouts!
You hit the orc but do no damage. The orc misses you.
The orc hits you but does no damage.
You hit the orc warrior but do no damage.
You barely miss the orc.
The orc warrior hits you with a +0 long sword.
The orc barely misses you.
You slash the orc warrior!
The orc warrior is moderately wounded.
You hit the orc but do no damage. The orc warrior misses you.
The orc closely misses you.
You closely miss the orc warrior.
The orc warrior is moderately wounded.
You completely miss the orc.
The orc warrior hits you with a +0 long sword.
The orc barely misses you. The orc closely misses you.
The orc warrior misses you.
You barely miss the orc warrior.
The orc warrior is lightly wounded.
You slash the orc!
You kill the orc!
Cheibriados appreciates the change of pace.
The orc warrior hits you with a +0 long sword.
You hit the orc warrior.
The orc warrior is moderately wounded.
You barely miss the orc.
The orc warrior hits you but does no damage.
The orc hits you but does no damage.
You closely miss the orc warrior.
The orc warrior is moderately wounded.
You slash the orc!
You kill the orc!
Cheibriados appreciates the change of pace.
The orc warrior barely misses you.
The orc warrior hits you with a +0 long sword!
You are too injured to fight recklessly!
You are too injured to fight recklessly!
You are too injured to fight recklessly!
You are too injured to fight recklessly!
You hit the orc warrior but do no damage.
The orc warrior is moderately wounded.
The orc warrior hits you with a +0 long sword!
You slash the orc warrior!
The orc warrior is heavily wounded.
The orc warrior closely misses you.
You barely miss the orc warrior.
The orc warrior is heavily wounded.
The orc warrior hits you with a +0 long sword!
* * * LOW HITPOINT WARNING * * *
The orc warrior hits you with a +0 long sword.
* * * LOW HITPOINT WARNING * * *
Casting: Momentum Strike (safe; 10% risk of failure)
Confirm with . or Enter, or press ? or * to list all spells.
Aiming: Momentum Strike (safe; 10% risk of failure)
Press: ? - help, Dir - move target, f - orc warrior
Aim: an orc warrior, wielding a +0 long sword and wearing a +0 chain mail (heavily wounded, 64% to hit)
The concentrated momentum misses the orc warrior.
The orc warrior hits you with a +0 long sword.
* * * LOW HITPOINT WARNING * * *
Casting: Momentum Strike (safe; 10% risk of failure)
Confirm with . or Enter, or press ? or * to list all spells.
Aiming: Kiss of Death (safe; 7% risk of failure)
Press: ? - help, Shift-Dir - straight line, f/p - orc warrior
Aim: an orc warrior, wielding a +0 long sword and wearing a +0 chain mail (heavily wounded, 100% to hit)
You miscast Kiss of Death.
You are very lightly contaminated with residual magic.
Nothing appears to happen.
The orc warrior hits you with a +0 long sword.
* * * LOW HITPOINT WARNING * * *
Casting: Kiss of Death (safe; 7% risk of failure)
Confirm with . or Enter, or press ? or * to list all spells.
Aiming: Kiss of Death (safe; 7% risk of failure)
Press: ? - help, Shift-Dir - straight line, f/p - orc warrior
Aim: an orc warrior, wielding a +0 long sword and wearing a +0 chain mail (heavily wounded, 100% to hit)
The negative energy hits the orc warrior.
The orc warrior is drained!
The orc warrior is heavily wounded.
You feel drained.
The orc warrior hits you with a +0 long sword.
You die...

###### ...... ,
......# *
.......#########
,
.......#.......#
,
......o#.......#
*, ,
......)@.......#*
#.
......#........+,
.#. .....
##.......# * ..
+### #.......# *
> , #####...# ,
####.## ##+####
#.....# #.....#
###.....# ##
#.....#
##.......# #.


You could see an orc warrior (drained).

Vanquished Creatures
  3 yaks (D:9)
  Eustachio (D:5)
  2 kobold brigands
  A jelly (D:5)
  A hound (D:4)
  An orc priest (D:4)
  An iguana (D:4)
  An iron imp (D:5)
  Jessica (D:3)
  Ijyb (D:3)
  4 orc wizards
  5 adders
  16 orcs
  4 bats
  5 endoplasms
  3 giant cockroaches
  6 goblins
  5 hobgoblins
  3 jackals
  4 quokkas
  5 ball pythons
  3 frilled lizards
  A hobgoblin zombie (D:5)
  9 kobolds
  3 kobold skeletons (D:5)
  A kobold zombie (D:5)
  2 orc skeletons (D:5)
  2 orc zombies (D:5)
  5 rats
99 creatures vanquished.

Notes
Turn   | Place    | Note
-------+----------+-------------------------------------------
     0 | D:1      | Flugkiller the Meteoran Reaver began the quest for the Orb.
     0 | D:1      | Reached XP level 1. HP: 17/17 MP: 5/5
   105 | D:1      | Reached XP level 2. HP: 25/25 MP: 6/6
   144 | D:1      | Reached skill level 3 in Fighting
   229 | D:1      | Reached XP level 3. HP: 26/31 MP: 8/8
   316 | D:1      | Learned a level 2 spell: Momentum Strike
   486 | D:2      | Reached skill level 4 in Fighting
   495 | D:2      | Learned a level 3 spell: Hailstorm
   600 | D:3      | Reached XP level 4. HP: 40/40 MP: 9/9
   717 | D:3      | Found a stormy altar of Qazlal.
   814 | D:3      | Reached XP level 5. HP: 42/46 MP: 10/10
   844 | D:3      | Noticed Ijyb
   859 | D:3      | Paralysed by Ijyb for 5 turns
   866 | D:3      | Paralysed by Ijyb for 2 turns
   871 | D:3      | Killed Ijyb
   872 | D:3      | Reached skill level 5 in Conjurations
   872 | D:3      | Reached skill level 1 in Ice Magic
   876 | D:3      | Noticed Jessica
   887 | D:3      | Killed Jessica
   999 | D:4      | Reached XP level 6. HP: 27/52 MP: 8/11
  1122 | D:4      | Reached skill level 1 in Evocations
  1380 | D:5      | Entered Level 5 of the Dungeon
  1444 | D:5      | Found a staircase to the Ecumenical Temple.
  1449 | Temple   | Entered the Ecumenical Temple
  1491 | Temple   | Became a worshipper of Cheibriados the Contemplative
  1608 | D:5      | Noticed Eustachio
  1637 | D:5      | Reached skill level 1 in Armour
  1637 | D:5      | Reached XP level 7. HP: 17/59 MP: 5/12
  1706 | D:5      | Killed Eustachio
  1771 | D:5      | Found a glowing golden altar of the Shining One.
  1996 | D:6      | Reached * piety under Cheibriados
  2000 | D:6      | Reached skill level 5 in Fighting
  2000 | D:6      | Reached XP level 8. HP: 49/68 MP: 13/13
  2038 | D:6      | You fall into a shaft and drop 3 floors!
  2106 | D:9      | Found a shimmering altar of Xom.
  2137 | D:9      | Noticed a yak
  2137 | D:9      | Noticed a yak
  2150 | D:9      | Killed a yak
  2150 | D:9      | Noticed a yak
  2151 | D:9      | Reached skill level 6 in Fighting
  2151 | D:9      | Killed a yak
  2151 | D:9      | Noticed a yak
  2154 | D:9      | Noticed a yak
  2161 | D:9      | Killed a yak
  2164 | D:9      | Noticed a yak
  2210 | D:9      | Slain by an orc warrior

Illustrated notes

Levels and vault maps discovered:
D:1:      matt_arrival_diagonals, layout_basic
D:2:      layout_loops_ring, small_statue_intersection
D:3:      minmay_chambers_of_twos, layout_basic, mainiacjoe_overflow_alcove_1,
          uniq_jessica, uniq_grinder, uniq_ijyb
D:4:      layout_loops_ring, grunt_decor_resistance
D:5:      layout_gridville, nicolae_tso_besieged_by_evil,
          minmay_temple_entry_ruins, abandoned_shop, corner_web_ring,
          roderic_roman_lattice, uniq_eustachio
D:6:      layout_basic
D:9:      layout_roguey, mainiacjoe_overflow_24_doors, nicolae_ru_path_of_blood,
          enter_bailey_4, minivault_7
Temple:   minmay_crystal_spiral_temple

Skill      XL: |  1  2  3  4  5  6  7  8 |
---------------+-------------------------+-----
Fighting       | 3 4 5 6 |  6.0
Spellcasting   | 3 4 |  4.0
Conjurations   | 4 5 |  5.0
Ice Magic      | 2 4 |  4.0
Evocations     | 2 3 4 |  4.0
Armour         | 1 3 |  3.0
Invocations    | 3 |  3.0
Axes           | 3 |  3.0
Maces & Flails | |  4.0
Dodging        | |  2.1

Action                     |  1- 3 |  4- 6 |  7- 9 || total
---------------------------+-------+-------+-------++-------
  Melee: Mace              |    90 |   151 |   108 ||   349
         Punch             |       |     1 |     1 ||     2
         War axe           |       |       |    68 ||    68
   Cast: Momentum Strike   |       |     5 |     3 ||     8
         Kiss of Death     |       |     1 |     1 ||     2
         Hailstorm         |       |       |     7 ||     7
  Evoke: Wand              |       |       |     8 ||     8
    Use: Scroll            |     2 |     2 |     5 ||     9
         Potion            |       |       |     3 ||     3
   Stab: Paralysed         |       |       |    22 ||    22
 Armour: Leather armour    |    49 |    23 |    99 ||   171
         Ring mail         |       |   112 |    29 ||   141
  Dodge: Dodged            |    51 |   107 |   109 ||   267

Table legend: (Time is in decaauts)
 A = Elapsed time spent in this place.
 B = Non-inter-level travel time spent in this place.
 C = Inter-level travel time spent in this place.
 D = Time resting spent in this place.
 E = Time spent auto-exploring this place.
 F = Levels seen in this place.
 G = Mean time per level.
                   A        B        C        D        E       F      G
               +--------+--------+--------+--------+--------+-----+--------+
         Total |   2448 |   2314 |    134 |      0 |      0 |   8 |  306.0 |
       Dungeon |   2352 |   2311 |     41 |      0 |      0 |   7 |  336.0 |
        Temple |     95 |      2 |     93 |      0 |      0 |   1 |   95.0 |
               +--------+--------+--------+--------+--------+-----+--------+

Top non-repeatable levels by time:
     D:5: 608 daAuts
     D:4: 465 daAuts
     D:3: 421 daAuts
     D:1: 385 daAuts
     D:9: 225 daAuts
     D:2: 177 daAuts
  Temple: 95 daAuts
     D:6: 69 daAuts
